 Dungeon Crawl Stone Soup version 0.30-b1-2-g02819fbbbe (webtiles) character file.

Game seed: 16717547017077901815

132 suse60 the Chopper (level 4, -2/40 HPs)
             Began as a Minotaur Gladiator on Oct 20, 2023.
             Slain by an orc wizard
             ... wielding a +0 dagger
              (4 damage)
             ... on level 3 of the Dungeon.
             The game lasted 00:06:53 (1887 turns).

suse60 the Chopper (Minotaur Gladiator)             Turns: 1887, Time: 00:06:53

Health: -2/40      AC:  8    Str: 20    XL:     4   Next: 92%
Magic:  3/3        EV:  9    Int:  5    God:
Gold:   128        SH:  0    Dex: 12    Spells: 3/3 levels left

rFire   . . .        a - +1 war axe (protect)
rCold   . . .        (no shield)
rNeg    . . .        i - +0 chain mail
rPois   .            c - +0 hat
rElec   .            (no cloak)
rCorr   .            (no gloves)
SInv    .            (no boots)
Will    .....        (no amulet) Stlth
                     (no ring)
HPRegen 0.26/turn    (no ring)
MPRegen 0.08/turn

%: no passive effects
@: confused, mighty, brilliant, attractive
A: horns 2, retaliatory headbutt
a: no special abilities


You were on level 3 of the Dungeon.
You visited 1 branch of the dungeon, and saw 3 of its levels.

You collected 128 gold pieces.

Inventory:

Hand Weapons
 a - a +1 war axe of protection (weapon)
Missiles
 d - 4 throwing nets (quivered)
 e - a javelin
Armour
 c - a +0 hat (worn)
 i - a +0 chain mail (worn)
Jewellery
 l - a +4 ring of protection
Wands
 j - a wand of polymorph (13)
Potions
 f - 3 potions of brilliance
 g - a potion of haste {unknown}
 h - a potion of attraction
 k - a potion of degeneration {unknown}


   Skills:
 + Level 4.1 Fighting
 + Level 4.9 Axes
 - Level 2.0 Throwing
 + Level 4.4 Dodging


You had 3 spell levels left.
You didn't know any spells.
Your spell library contained the following spells:

 Spells                   Type           Power      Damage    Failure   Level
 Portal Projectile        Hex/Tloc       0%         N/A       100%        3
 Spellforged Servitor     Conj/Summ      0%         N/A       100%        7
 Summon Horrible Things   Summ           0%         N/A       100%        8


Dungeon Overview and Level Annotations

Branches:
Dungeon (3/15)

Altars:


Innate Abilities, Weirdness & Mutations

You have a pair of horns on your head.
You reflexively headbutt those who attack you in melee.


Message History

You miss something. Your headbutt misses something.
You hear some strange, mumbled words.
A magic dart appears from out of thin air!
The magic dart hits you.
You miss something. Something hits you but does no damage.
You hit something.
Your weapon exudes an aura of protection.
You hear some strange, mumbled words.
A magic dart appears from out of thin air!
The magic dart hits you.
You hit something. Something hits you.
You barely miss something. Your headbutt misses something.
Something hits you but does no damage. Something hits you.
You closely miss something. Something hits you but does no damage.
You closely miss something. You punch something.
You hear some strange, mumbled words.
You are confused.
You closely miss something. Your headbutt misses something.
You hear some strange, mumbled words.
A magic dart appears from out of thin air!
The magic dart hits you but does no damage.
It was a potion of brilliance.
You feel clever all of a sudden.
You hear some strange, mumbled words.
A magic dart appears from out of thin air!
The magic dart hits you.
You bump into the rock wall.
You hear some strange, mumbled words.
A puff of flame appears from out of thin air!
The puff of flame hits you!
* * * LOW HITPOINT WARNING * * *
It was a potion of attraction.
You feel attractive to monsters. Something hits you but does no damage.
It was a potion of might.
You feel very mighty all of a sudden. Something hits you.
* * * LOW HITPOINT WARNING * * *
You miss something. Something hits you.
You die...

# #.##+#### #
#.......## .#
########
#........# .#
........
#..^.....###.#
........
#............#.#
........
.######.##.....#
....>...
#.##.#......
........
###.##@# ..##.
########
#...##{# .# #..#
# #.####.. #
#.## # #.# ....
#.# # #.# ...##
#.# #.# ..#.#
#.### #.#####.#
#...## #.....#.#
###.#. #####.#
#.#.


There were no monsters in sight!

Vanquished Creatures
  Jessica (D:2)
  3 adders (D:2)
  2 worms (D:2)
  2 dart slugs
  2 orcs (D:3)
  4 endoplasms
  3 giant cockroaches
  4 goblins
  6 hobgoblins
  9 jackals
  7 kobolds
  3 quokkas
  5 ball pythons
  5 bats
  3 frilled lizards (D:2)
  4 rats (D:1)
63 creatures vanquished.

Notes
Turn   | Place    | Note
-------+----------+-------------------------------------------
     0 | D:1      | suse60 the Minotaur Gladiator began the quest for the Orb.
     0 | D:1      | Reached XP level 1. HP: 18/18 MP: 0/0
    56 | D:1      | Got the Elucidation of Anathema and Sidekicks
   110 | D:1      | Reached XP level 2. HP: 25/25 MP: 1/1
   287 | D:1      | Reached XP level 3. HP: 25/31 MP: 2/2
   907 | D:2      | Reached XP level 4. HP: 40/40 MP: 3/3
  1442 | D:2      | Found a faded altar of an unknown god.
  1525 | D:2      | Noticed Jessica
  1527 | D:2      | Killed Jessica
  1886 | D:3      | HP: 1/40 [something (3)]
  1887 | D:3      | Slain by an orc wizard

Illustrated notes

Levels and vault maps discovered:
D:1:      eino_arrival_water_star, layout_basic, corexii_leaking_fountain
D:2:      layout_basic, shapermc_ecumenical_altar_hornbeckon, uniq_jessica
D:3:      layout_basic

Skill      XL: |  1  2  3  4 |
---------------+-------------+-----
Fighting       | 3 4 |  4.1
Axes           | 4 |  4.9
Dodging        | 4 |  4.4
Throwing       | |  2.0

Action                     |  1- 3 |  4- 6 || total
---------------------------+-------+-------++-------
  Melee: War axe           |    80 |    62 ||   142
         Headbutt          |     6 |     4 ||    10
         Punch             |       |     1 ||     1
    Use: Scroll            |     4 |     2 ||     6
         Potion            |       |     3 ||     3
 Armour: Leather armour    |    14 |       ||    14
         Chain mail        |     4 |    36 ||    40
  Dodge: Dodged            |    45 |    13 ||    58
